 Dungeon Crawl Stone Soup version 0.31-a0-354-g827e0957a7 (webtiles) character file.

Game seed: 5708700583115969211

579 Bnni the Ruffian (level 7, -8/46 HPs)
             Began as an Octopode Shapeshifter on July 24, 2023.
             Mangled by an ice beast (9 damage)
             ... on level 5 of the Dungeon.
             The game lasted 00:05:05 (4335 turns).

Bnni the Ruffian (Octopode Shapeshifter)            Turns: 4335, Time: 00:05:06

Health: -8/46      AC:  1    Str: 15    XL:     7   Next: 36%
Magic:  7/7        EV: 13    Int: 10    God:
Gold:   225        SH:  0    Dex: 14    Spells: 6/6 levels left

rFire   . .          .
                       - Unarmed
rCold   . . .        (no shield)
rNeg    . . .        (helmet currently unavailable)
rPois   .            i - amulet of magic regeneration
rElec   .            (no ring)
rCorr   .            (no ring)
SInv    .            (no ring)
Will    .....        (no ring)
Stlth   ++           (no ring)
HPRegen 0.27/turn    (no ring)
MPRegen 0.50/turn    (no ring)
                     (no ring)

%: no passive effects
@: beast-form
A: beast (slay +3), almost no armour, amphibious, 8 rings, camouflage 1,
gelatinous body 1, (nimble swimmer 1), tentacles
a: Begin Untransformation


You were on level 5 of the Dungeon.
You were a hulking beast.
You visited 2 branches of the dungeon, and saw 6 of its levels.

You collected 225 gold pieces.

Inventory:

Jewellery
 i - an amulet of magic regeneration (around mantle)
Talismans
 b - a beast talisman
 f - a serpent talisman
Scrolls
 c - a scroll of brand weapon {unknown}
 d - 2 scrolls of teleportation
 e - 2 scrolls of fear {unknown}
 h - a scroll of enchant weapon {unknown}
 j - a scroll of acquirement {unknown}
 k - 2 scrolls of identify {unknown}
 l - a scroll of torment {unknown}
 m - 2 scrolls of enchant armour {unknown}
Potions
 a - a potion of lignification
 g - a potion of enlightenment {unknown}
 n - a potion of mutation {unknown}
 o - a potion of degeneration {unknown}
 p - a potion of might {unknown}


   Skills:
 + Level 3.4 Fighting
 - Level 2.0 Dodging
 + Level 5.4 Unarmed Combat
 * Level 5.1 Shapeshifting


You had 6 spell levels left.
You didn't know any spells.
Your spell library contained the following spells:

 Spells                   Type           Power      Damage    Failure   Level
 Shock                    Conj/Air       0%         1d3       36%         1
 Dazzling Flash           Conj/Hex       0%         N/A       75%         3
 Stone Arrow              Conj/Erth      0%         3d7       75%         3
 Swiftness                Air            0%         N/A       75%         3
 Volatile Blastmotes      Fire/Tloc      0%         2d10      75%         3
 Airstrike                Air            0%         2d(0-16)  98%         4
 Starburst                Conj/Fire      0%         6d3       100%        6
 Lehudib's Crystal Spear  Conj/Erth      0%         10d2      100%        8
 Maxwell's Capacitive Co  Air            0%         ∞         100%        8
 Animate Armour           Summ/Erth      Unusable   N/A       N/A         4

Dungeon Overview and Level Annotations

Branches:
Dungeon (5/15)             Temple (1/1) D:4

Altars:
Ashenzari
Cheibriados
Dithmenos
Elyvilon
Fedhas
Hepliaklqana
Kikubaaqudgha
Makhleb
Nemelex Xobeh
Okawaru
Qazlal
Ru
Sif Muna
Vehumet
Wu Jian
Xom
Yredelemnul

Shops:
D:1 =?


Innate Abilities, Weirdness & Mutations

You are a hulking beast.
Your limbs bulge with bestial killing power. (Slay +3)
You cannot wear most types of armour.
You are amphibious.
You can wear up to eight rings at the same time.
Your skin changes colour to match your surroundings (Stealth+).
Your rubbery body absorbs attacks. (AC +1, EV +1)
((You are camouflaged when in or above water. (Stealth+)))
You have tentacles for arms and can constrict up to eight enemies at once.


Message History

The black bear growls angrily.
You barely miss the black bear. Your grab misses the black bear.
Your squeeze misses the black bear. The black bear bites you.
The black bear closely misses you. The black bear claws you.
You completely miss the black bear. You grab the black bear.
You constrict the black bear. The black bear closely misses you. x2
The black bear misses you.
An ice beast comes into view.
You tentacle-slap the black bear but do no damage.
The black bear is lightly wounded.
You constrict the black bear. The black bear bites you.
The black bear claws you.
The black bear claws you but does no damage.
You tentacle-slap the black bear. You squeeze the black bear!
The black bear is heavily wounded.
You constrict the black bear. The black bear closely misses you.
The black bear barely misses you. The black bear claws you.
You tentacle-slap the black bear but do no damage.
You squeeze the black bear.
The black bear is almost dead.
You constrict the black bear.
You kill the black bear!
Your Shapeshifting skill increases to level 5!
The ice beast hits you. The ice beast freezes you!
You tentacle-slap the ice beast.
The ice beast is lightly wounded.
The ice beast hits you. The ice beast freezes you!
You are too injured to fight recklessly!
You barely miss the ice beast. You squeeze the ice beast.
The ice beast is moderately wounded.
The ice beast hits you. The ice beast freezes you!
* * * LOW HITPOINT WARNING * * *
Okay, then.
Okay, then.
You tentacle-slap the ice beast.
The ice beast is moderately wounded.
The ice beast hits you.
* * * LOW HITPOINT WARNING * * *
The ice beast freezes you!
You die...

........#.........
...............#...
...............#
...............#
...............##
.............#..#
............###.# #
.............#[.##.#
####'#####..##..hY.#
⌠##♣.♣##⌠##...#..#......
..##.##...##.....# ....#
...'.'...._#...........#
..##♣##...##...###.....#
⌠## ##⌠##..### ...... ##
###...# ... . ##.## ...
##


You could see an ice beast.

Vanquished Creatures
  A water moccasin (D:4)
  A black bear (D:5)
  An ogre (D:4)
  2 howler monkeys
  A jelly (D:4)
  A hound (D:5)
  An iguana (D:5)
  5 adders
  An ufetubus (D:5)
  3 worms
  5 dart slugs
  2 orcs
  5 endoplasms
  2 giant cockroaches
  4 goblins (D:2)
  3 hobgoblins
  6 jackals
  6 quokkas
  4 ball pythons
  6 bats
  2 frilled lizards
  12 kobolds
  A rat (D:1)
  A butterfly (Temple)
76 creatures vanquished.

Notes
Turn   | Place    | Note
-------+----------+-------------------------------------------
     0 | D:1      | Bnni the Octopode Shapeshifter began the quest for the Orb.
     0 | D:1      | Reached XP level 1. HP: 13/13 MP: 1/1
   118 | D:1      | Found Kilig's Magic Scroll Shoppe.
   149 | D:1      | Found Uczeiq's Jewellery Shop.
   204 | D:1      | Reached XP level 2. HP: 18/18 MP: 2/2
   468 | D:1      | You fall into a shaft and drop 1 floor!
   588 | D:2      | Reached XP level 3. HP: 21/23 MP: 3/3
  1421 | D:2      | Reached XP level 4. HP: 25/29 MP: 4/4
  2581 | D:4      | Found a shimmering altar of Xom.
  2581 | D:4      | Found a blossoming altar of Fedhas.
  2581 | D:4      | Noticed a water moccasin
  2595 | D:4      | Noticed an ogre
  2601 | D:4      | Killed a water moccasin
  2602 | D:4      | Reached XP level 5. HP: 6/35 MP: 5/5
  2687 | D:4      | Reached XP level 6. HP: 18/41 MP: 6/6
  3121 | D:4      | Reached skill level 5 in Unarmed Combat
  3147 | D:4      | Found a staircase to the Ecumenical Temple.
  3154 | Temple   | Entered the Ecumenical Temple
  4024 | D:5      | Entered Level 5 of the Dungeon
  4038 | D:5      | Reached XP level 7. HP: 46/46 MP: 7/7
  4100 | D:5      | Found a white marble altar of Elyvilon.
  4294 | D:5      | Found a shadowy altar of Dithmenos.
  4305 | D:5      | Found a sacrificial altar of Ru.
  4331 | D:5      | Reached skill level 5 in Shapeshifting
  4335 | D:5      | HP: 1/46 [ice beast (3)]
  4335 | D:5      | Mangled by an ice beast

Illustrated notes

Levels and vault maps discovered:
D:1:      beargit_arrival_diablo_church, layout_loops_cross, serial_shops, shop,
          nicolae_square_shop, hex_large
D:2:      layout_basic
D:3:      layout_loops_cross, dreamdust_princess_corridor
D:4:      layout_loops_corners, mainiacjoe_overflow_catwalk_spiral,
          minmay_temple_entry_butterflies, grunt_ministairs_1
D:5:      layout_cave_pools, nicolae_tso_besieged_by_evil,
          amethyst_overflow_temple_binary, elyvilon_altar_3,
          lightli_temple_of_fire, roderic_roman_lattice
Temple:   hc_temple_tempest_star

Skill      XL: |  1  2  3  4  5  6  7 |
---------------+----------------------+-----
Unarmed Combat | 4 5 |  5.4
Fighting       | 2 3 |  3.4
Shapeshifting  | 4 5 |  5.1
Dodging        | |  2.0

Action                     |  1- 3 |  4- 6 |  7- 9 || total
---------------------------+-------+-------+-------++-------
  Melee: Unarmed           |    40 |     5 |    19 ||    64
         Constrict         |    15 |    16 |     3 ||    34
         Tentacles         |     9 |     9 |     5 ||    23
         Punch             |     1 |     2 |       ||     3
         Dagger            |    21 |    69 |       ||    90
    Use: Scroll            |       |     2 |       ||     2
         Potion            |       |     2 |       ||     2
   Stab: Sleeping          |    12 |     5 |       ||    17
 Armour: Skin              |     5 |     1 |     1 ||     7
  Dodge: Dodged            |    29 |    41 |    10 ||    80

Table legend: (Time is in decaauts)
 A = Elapsed time spent in this place.
 B = Non-inter-level travel time spent in this place.
 C = Inter-level travel time spent in this place.
 D = Time resting spent in this place.
 E = Time spent auto-exploring this place.
 F = Levels seen in this place.
 G = Mean time per level.
                   A        B        C        D        E       F      G
               +--------+--------+--------+--------+--------+-----+--------+
         Total |   4330 |   4024 |    306 |    406 |   3040 |   6 |  721.7 |
       Dungeon |   4327 |   4021 |    306 |    406 |   3040 |   5 |  865.4 |
        Temple |      2 |      2 |      0 |      0 |      0 |   1 |    2.0 |
               +--------+--------+--------+--------+--------+-----+--------+

Top non-repeatable levels by time:
     D:4: 1438 daAuts
     D:1: 1014 daAuts
     D:2: 834 daAuts
     D:3: 732 daAuts
     D:5: 308 daAuts
  Temple: 2 daAuts
